 Dungeon Crawl Stone Soup version 0.18.1-48-g4cf74bf (webtiles) character file.

2936 MistressOfTheDunes the Insei (level 9, -1/72 HPs)
             Began as a Mummy Monk on June 26, 2016.
             Slain by a killer bee (3 damage)
             ... on level 8 of the Dungeon.
             The game lasted 00:27:55 (33082 turns).

MistressOfTheDunes the Insei (Mummy Monk)          Turns: 33082, Time: 00:27:56

Health: -1/72      AC:  4    Str: 14    XL:     9   Next: 51%
Magic:  9/9        EV: 17    Int:  9    God:
Gold:   413        SH:  0    Dex: 18    Spells: 0 memorised, 8 levels left

rFire  x . .     SeeInvis .       - Unarmed
rCold  + . .     Gourm    .     (no armour)
rNeg   + + +     Faith    .     (no shield)
rPois  ∞         Spirit   .     g - +0 helmet
rElec  .         Dismiss  .     (no cloak)
rCorr  .         Reflect  .     c - +1 pair of gloves
SustAt .         Harm     .     l - +0 pair of boots
MR     +....                    (no amulet)
Stlth  ++........               (no ring)
                                (no ring)

@: somewhat resistant to hostile enchantments, unstealthy
A: no food or potions, fire vulnerability, cold resistance 1, negative energy
resistance 3, torment resistance, unbreathing
a: no special abilities


You were on level 8 of the Dungeon.
You were not hungry.

You visited 1 branch of the dungeon, and saw 9 of its levels.

You collected 413 gold pieces.


Innate Abilities, Weirdness & Mutations

You do not eat or drink.
Your flesh is vulnerable to fire.
You are immune to poison.
Your flesh is cold resistant.
You are immune to negative energy.
You are immune to unholy pain and torment.
You can survive without breathing.


   Skills:
 - Level 7.0 Fighting
 - Level 7.1 Dodging
 - Level 1.5 Stealth
 + Level 7.9 Unarmed Combat


You had 8 spell levels left.
You didn't know any spells.

Inventory:

Missiles
 a - 7 poisoned needles (quivered)
Armour
 c - a +1 pair of gloves (worn)
 g - a +0 helmet (worn)
 l - a +0 pair of boots (worn)
Jewellery
 d - an uncursed amulet of harm {unknown}
Scrolls
 b - 4 scrolls of remove curse
 e - 2 scrolls of teleportation {@r4}
 f - 2 scrolls of recharging
 h - a scroll of immolation {!r}
 i - 2 scrolls of fog
 j - 2 scrolls of magic mapping
 k - a scroll of random uselessness {unknown}
 m - 2 scrolls of enchant weapon {unknown}
 n - a scroll of blinking {unknown}
 o - a scroll of identify {@r1}

Dungeon Overview and Level Annotations

Branches:
Dungeon (9/15)
 Temple: D:4-7         Lair: D:8-11         Orc: D:9-12

Altars:
Qazlal
Ru
Xom
Yredelemnul
Zin

Shops:
D:8 (

Annotations:
D:1 Loads of Xp
D:2 Hippo
D:5 exclusions: plant and 3 more exclusions
D:6 Edmund
D:9 Belterius's ghost, journeyman CeFi

▒▒▒▒▒▒▒▒▒▒▒
▒.........▒
▒....÷)...▒
▒.....>...▒
▒......(..▒
▒.......M.▒
▒......Zy.▒
▒.......(.▒
▒.......((▒
▒.........▒
▒.........▒
▒▒▒▒▒...▒▒▒
▒▒▒▒...▒▒▒.▒▒
▒..▒▒.......▒


You could see a killer bee (inner flame) and a giant frog skeleton (inner
flame).


Message History

* * * don't die
* * * The giant frog skeleton hits you! * * * don't die
* * * The killer bee stings you but does no damage!
You barely miss the killer bee!
The killer bee is moderately wounded!
The killer bee misses you!
The giant frog skeleton barely misses you!
The killer bee stings you! * * * don't die
* * * The giant frog skeleton hits you but does no damage!
You miss the killer bee!
The killer bee is moderately wounded!
The killer bee closely misses you!
The giant frog skeleton completely misses you!
You pulverise the killer bee!!!
The killer bee is severely wounded!
The killer bee stings you! * * * don't die
* * * The killer bee completely misses you!
The giant frog skeleton hits you but does no damage!
You closely miss the killer bee!
The killer bee is severely wounded!
The killer bee misses you!
The giant frog skeleton hits you! * * * don't die
* * * Read which item? (? for menu, Esc to quit)
As you read the scroll labeled JONICRU TOJI, it crumbles to dust!
The creatures around you are filled with an inner flame!!!
It was a scroll of immolation!
The killer bee stings you! rip

Action                   |  1- 3 |  4- 6 |  7- 9 || total
-------------------------+-------+-------+-------++-------
Melee: Unarmed           |   161 |   301 |   828 ||  1290
       Punch             |     4 |     8 |    24 ||    36
  Use: Scroll            |       |       |     6 ||     6
 Stab: Sleeping          |     4 |     1 |     7 ||    12
       Distracted        |       |     1 |     1 ||     2
Armor: Skin              |    13 |    44 |   100 ||   157
Dodge: Dodged            |   103 |   161 |   554 ||   818

Vault maps used:
D:1:      zaba_arrival_water
D:2:      marbit_many_paths, lemuel_another_geyser
D:4:      lemuel_doored_altar, nicolae_ru_awakened_eye, first_bread,
          hangedman_minor_gate_pass, uniq_robin
D:5:      lemuel_castle_with_subvaults
D:6:      kennysheep_mini_moat, amethyst_overflow_temple_binary,
          serial_bayou_crossing, uniq_edmund
D:7:      lemuel_crystal_altar, old_standard_altar, old_standard_altar,
          minmay_temple_entry_glassed_door, roderic_batcave, grunt_ogre_cave,
          serial_park_tiny_1, okawaru_metal_pillars_1_2,
          uniq_crazy_yiuf_cottage, uniq_joseph
D:8:      elyvilon_altar_4, serial_shops, nicolae_shop_behind_doors
D:9:      lemuel_round_altar, overflow_temple_1_default, basic_altar

Notes
Turn   | Place    | Note
--------------------------------------------------------------
     0 | D:1      | MistressOfTheDunes the Mummy Monk began the quest for the Orb.
     0 | D:1      | Reached XP level 1. HP: 18/18 MP: 1/1
   342 | D:1      | Reached XP level 2. HP: 11/24 MP: 2/2
   522 | D:1      | You fall through a shaft!
   922 | D:1      | Reached skill level 4 in Unarmed Combat
  1820 | D:2      | Reached XP level 3. HP: 29/29 MP: 3/3
  1874 | D:2      | Found a basalt altar of Yredelemnul.
  2532 | D:2      | Reached XP level 4. HP: 28/35 MP: 4/4
  2939 | D:2      | Reached skill level 5 in Unarmed Combat
 10234 | D:1      | Noticed an ogre
 10673 | D:1      | Reached XP level 5. HP: 37/41 MP: 5/5
 17705 | D:1      | Noticed a five-headed hydra
 18959 | D:3      | Reached skill level 3 in Dodging
 20032 | D:1      | Reached skill level 4 in Fighting
 20032 | D:1      | Reached XP level 6. HP: 10/48 MP: 6/6
 24486 | D:2      | Reached skill level 4 in Dodging
 25210 | D:4      | Reached XP level 7. HP: 55/55 MP: 7/7
 25269 | D:4      | Reached skill level 5 in Fighting
 25986 | D:4      | Found a sacrificial altar of Ru.
 26473 | D:4      | Found a glowing silver altar of Zin.
 26478 | D:4      | Noticed Urgaas's ghost (amateur FoAK)
 26563 | D:4      | Killed Urgaas's ghost
 26563 | D:4      | Reached skill level 6 in Unarmed Combat
 26777 | D:4      | Noticed Robin
 26793 | D:4      | Killed Robin
 26908 | D:4      | Noticed a hippogriff
 27555 | D:5      | Entered Level 5 of the Dungeon
 27885 | D:5      | Reached skill level 6 in Fighting
 27885 | D:5      | Reached XP level 8. HP: 56/64 MP: 8/8
 28226 | D:5      | Reached skill level 5 in Dodging
 29766 | D:5      | Reached skill level 7 in Unarmed Combat
 30031 | D:5      | Reached skill level 6 in Dodging
 31121 | D:6      | Reached XP level 9. HP: 66/69 MP: 9/9
 31273 | D:6      | Reached skill level 7 in Dodging
 31425 | D:6      | Noticed Edmund
 31444 | D:6      | You fall through a shaft for 3 floors!
 31631 | D:9      | Found a shimmering altar of Xom.
 31657 | D:9      | Noticed Belterius's ghost (journeyman CeFi)
 31966 | D:8      | Found Qoulyoru's Weapon Emporium.
 32026 | D:8      | Reached skill level 7 in Fighting
 32271 | D:7      | Found a stormy altar of Qazlal.
 33080 | D:8      | HP: 6/72 [killer bee (6)]
 33081 | D:8      | HP: 2/72 [giant frog skeleton (4)]
 33082 | D:8      | Slain by a killer bee

Vanquished Creatures
  The ghost of Urgaas the Skirmisher, an amateur FoAK of Lugonu (D:4)
  A hungry ghost (D:8)
  A sky beast (D:9)
  5 ogres
  3 centaurs
  A giant frog (D:6)
  4 wights (D:8)
  A howler monkey (D:5)
  2 crimson imps
  A giant frog zombie (D:5)
  3 hounds
  3 jellies
  A centaur zombie (D:6)
  A giant frog skeleton (D:6)
  3 gnoll shamans
  6 orc priests
  An iguana (D:5)
  An orc wizard (D:9)
  10 worker ants
  Robin (D:4)
  45 gnolls
  11 adders
  5 oozes
  An adder skeleton (D:5)
  2 worms
  6 dart slugs
  7 giant geckos
  19 orcs
  A ball python (D:1)
  11 giant cockroaches
  13 hobgoblins
  14 jackals (D:5)
  5 kobolds
  8 quokkas
  7 bats
  4 giant newts
  22 goblins
  2 quokka skeletons (D:4)
  7 rats
240 creatures vanquished.

Vanquished Creatures (others)
  A rat (D:2)
  A plant (D:5)
2 creatures vanquished.

Grand Total: 242 creatures vanquished
